 Dungeon Crawl Stone Soup version 0.28-a0-1152-g9c71ebef14 (webtiles) character file.

Game seed: 17615346508626338683

93300 snetch the Warrior (level 15, -35/141 HPs)
             Began as a Minotaur Berserker on Dec 3, 2021.
             Was a High Priest of Trog.
             Killed from afar by a lindwurm (39 damage)
             ... with a blast of flame
             ... summoned by Kirke
             ... on level 1 of the Swamp on Dec 14, 2021.
             The game lasted 01:47:30 (28058 turns).

snetch the Warrior (Minotaur Berserker)            Turns: 28058, Time: 01:47:32

Health: -35/141    AC:  0    Str: 27    XL:     15   Next: 60%
Magic:  1/14       EV: 16    Int:  4    God:    Trog [*****.]
Gold:   1651       SH:  5    Dex: 12    Spells: 14/14 levels left

rFire   . . .      SeeInvis .   (weapon currently unavailable)
rCold   . . .      Faith    .   (shield currently unavailable)
rNeg    . . .      Spirit   .   (armour currently unavailable)
rPois   .          Reflect  +   (helmet currently unavailable)
rElec   .          Harm     .   (cloak currently unavailable)
rCorr   .          Rampage  .   (gloves currently unavailable)
Will    +++..                   (boots currently unavailable)
Stlth   ++........              D - amulet of reflection
HPRegen 1.33/turn               (ring currently unavailable)
MPRegen 0.14/turn               (ring currently unavailable)

@: pig-form, strong-willed, regenerating, studying Armour, very slow
A: fast, no casting, small, (horns 2), (retaliatory headbutt)
a: Renounce Religion, Berserk, Trog's Hand, Brothers in Arms


You were on level 1 of the Swamp.
You worshipped Trog.
Trog was extremely pleased with you.
You were a filthy swine.
You visited 4 branches of the dungeon, and saw 23 of its levels.
You also visited: Ossuary and Ice Cave.

You collected 1725 gold pieces.
You spent 74 gold pieces at shops.

Inventory:

Hand Weapons
 a - the +12 war axe "Beetlebane" (melded) {protect, rElec MP-9 Stlth+}
   (You found it on level 6 of the Dungeon)

   It grants its wielder temporary protection when it strikes (+7 to AC).
   rElec:     It insulates you from electricity.
   MP:        It affects your magic capacity (-9).
   Stlth:     It makes you more stealthy.
 b - a +3 hunting sling of freezing
 c - a +2 hand axe of flaming
 d - a +1 trident of venom
Missiles
 f - 126 sling bullets
 r - 10 boomerangs
 B - 6 atropa-tipped darts
 H - 75 poisoned darts (quivered)
 O - a throwing net
 X - 6 curare-tipped darts
Armour
 n - the +1 plate armour "Hoopne" (melded) {rN+}
   (You took it off an orc warrior on level 11 of the Dungeon)

   rN:        It protects you from negative energy.
 w - the +0 pair of boots "Guhaufri" (melded) {Str+4 Int+4 Dex-4}
   (You found it on level 6 of the Lair of Beasts)

   Str:       It affects your strength (+4).
   Int:       It affects your intelligence (+4).
   Dex:       It affects your dexterity (-4).
 J - a +2 kite shield of protection (melded)
 Q - a +1 pair of gloves of stealth (melded)
 W - a +2 cloak of stealth (melded)
Jewellery
 y - a +4 ring of evasion (melded)
 D - an amulet of reflection (around neck)
 I - a ring of see invisible
 R - a ring of protection from fire
 T - the ring "Put-Me-On" (melded) {+Blink Fly MP-9 Int+6}
   (You acquired it on level 2 of the Lair of Beasts)

   [ring of intelligence]

   Int:       It affects your intelligence (+6).
   MP:        It affects your magic capacity (-9).
   Fly:       It grants you flight.
   +Blink:    It lets you blink.
 V - a ring of resist corrosion
Wands
 e - a wand of flame (32)
 g - a wand of iceblast (40)
 F - a wand of polymorph (9)
 G - a wand of mindburst (16)
 P - a wand of paralysis (4)
 S - a wand of charming (9)
 Y - a wand of acid (5)
Scrolls
 h - 18 scrolls of teleportation
 i - 3 scrolls of blinking
 k - 3 scrolls of torment
 q - 9 scrolls of vulnerability
 s - 3 scrolls of fog
 t - 4 scrolls of magic mapping
 C - 2 scrolls of fear
 M - 8 scrolls of immolation
 N - a scroll of summoning
 U - a scroll of silence
Potions
 j - 6 potions of lignification
 m - 5 potions of mutation
 o - 2 potions of ambrosia
 p - 2 potions of invisibility
 v - a potion of cancellation
 x - 3 potions of might
 z - 13 potions of curing
 A - 4 potions of attraction
 E - 2 potions of haste
 L - 2 potions of resistance
 Z - 10 potions of heal wounds
Miscellaneous
 l - a phial of floods
 u - a lightning rod (4/4)
 K - a tin of tremorstones (2/2)


   Skills:
 + Level 15.6 Fighting
 - Level 15.5(16.0) Axes
 + Level 5.7(11.6) Polearms
 + Level 7.5(9.6) Slings
 + Level 8.5(9.6) Throwing
 + Level 14.4 Armour
 + Level 6.5 Dodging
 + Level 4.9 Stealth
 - Level 15.0 Shields


You had 14 spell levels left.
You didn't know any spells.
Your spell library contained the following spells:

 Spells                   Type           Power      Damage    Failure   Level
 Sandblast                Erth           0%         2d4       50%         1
 Slow                     Hex            0%         N/A       50%         1
 Sting                    Tmut/Pois      0%         1d3       50%         1
 Passwall                 Tmut/Erth      0%         N/A       65%         2
 Poisonous Vapours        Pois/Air       0%         N/A       65%         2
 Call Canine Familiar     Summ           0%         N/A       86%         3
 Confusing Touch          Hex            0%         N/A       86%         3
 Portal Projectile        Hex/Tloc       0%         N/A       86%         3
 Stone Arrow              Conj/Erth      0%         3d7       86%         3
 Swiftness                Air            0%         N/A       86%         3
 Tukima's Dance           Hex            0%         N/A       86%         3
 Vampiric Draining        Necr           0%         2d6       86%         3
 Animate Dead             Necr           0%         N/A       99%         4
 Hailstorm                Conj/Ice       0%         3d3       99%         4
 Ice Form                 Ice/Tmut       0%         N/A       99%         4
 Leda's Liquefaction      Hex/Erth       0%         N/A       99%         4
 Olgreb's Toxic Radiance  Pois           0%         N/A       99%         4
 Passage of Golubria      Tloc           0%         N/A       99%         4
 Borgnjor's Vile Clutch   Necr/Erth      0%         N/A       100%        5
 Yara's Violent Unravell  Hex/Tmut       0%         3d3       100%        5
 Death Channel            Necr           0%         N/A       100%        6
 Simulacrum               Ice/Necr       0%         N/A       100%        6
 Chain Lightning          Conj/Air       0%         N/A       100%        9
 Fire Storm               Conj/Fire      0%         5d1       100%        9
 Shatter                  Erth           0%         3d5*      100%        9


Dungeon Overview and Level Annotations

Branches:
Dungeon (15/15)            Temple (1/1) D:6            Lair (6/6) D:11
  Swamp (1/4) Lair:3       Spider (0/4) Lair:3        Slime (0/5) Lair:6
    Orc (0/2) D:11         Vaults (0/5) D:13         Depths (0/4) D:15
Ossuary (visited)           IceCv (visited)

Altars:
Ashenzari
Cheibriados
Dithmenos
Elyvilon
Fedhas
Gozag
Hepliaklqana
Kikubaaqudgha
Makhleb
Nemelex Xobeh
Okawaru
Qazlal
Ru
Sif Muna
Trog
Uskayaw
Vehumet
Wu Jian
Xom
Yredelemnul
Zin
The Shining One
Beogh

Shops:
D:1 [   D:2 [([[*   D:3 [   D:6 :   D:14 (

Annotations:
D:9 gold behind glass
D:10 something behind lava
Swamp:1 1 runed translucent door, Kirke


Innate Abilities, Weirdness & Mutations

You are a filthy swine.
You move quickly.
Your equipment is almost entirely melded.
You are incapable of wielding weapons or throwing items.
You cannot cast spells.
((You have a pair of horns on your head.))
((You reflexively headbutt those who attack you in melee.))


Message History

The hog bites you! The swamp worm misses you. The hog bites you!
Kirke points at you and mumbles some strange words.
You feel a momentary urge to oink.
Unknown command.
Unknown command.
There are monsters nearby!
Your iron troll goes berserk!
You block the lindwurm's attack. The lindwurm claws you.
The lindwurm completely misses you. You block the hog's attack.
The hog closely misses you. The swamp worm completely misses you.
The spriggan rider hits you from afar with a +2 vampiric spear!!
* * * LOW HITPOINT WARNING * * *
Kirke casts a spell at you.
You feel a momentary urge to oink.
Your skin crawls.
You feel strong-willed. You block the hog's attack.
The hog completely misses you. The swamp worm barely misses you.
The lindwurm closely misses you. The lindwurm claws you!
* * * LOW HITPOINT WARNING * * *
The lindwurm claws you.
* * * LOW HITPOINT WARNING * * *
The spriggan rider hits you from afar with a +2 vampiric spear!
* * * LOW HITPOINT WARNING * * *
Kirke gestures wildly while chanting.
Kirke summons a lindwurm!
The hog misses you.
Your iron troll bites the lindwurm!!
Your iron troll claws the lindwurm.
Your iron troll claws the lindwurm!!
The lindwurm dies!
The lindwurm's corpse disappears in a puff of smoke!
The hog closely misses you. The swamp worm barely misses you.
The spriggan rider misses you.
Unknown command.
You enter the shallow water.
Moving in this stuff is going to be slow.
The swamp worm bites you!
* * * LOW HITPOINT WARNING * * *
The lindwurm breathes flames at you. The blast of flame hits you!!!
You die...

♣♣♣♣♣.≈≈..≈♣♣♣♣ ♣.§≈≈≈≈.≈♣
♣♣≈≈≈≈♣≈≈≈≈≈♣ ♣♣♣≈≈≈≈≈≈♣
♣♣♣♣≈...♣..>≈...♣ ♣..≈≈≈.♣
♣..≈.≈≈..≈≈≈.♣... ♣♣.≈≈≈.♣
.....≈≈≈§≈≈≈♣♣ .≈ ♣.≈≈≈.♣
..≈..≈≈≈≈≈≈.♣ ♣ ♣≈≈≈..♣
.....≈≈≈≈≈.≈♣♣♣♣♣♣♣♣♣...♣♣♣
.....≈≈≈≈≈..≈≈≈≈§wh.h≈≈≈.♣♣
.≈..........≈≈≈§h@..hh≈≈.....
.≈.≈♣....♣♣♣.≈≈§T.hi≈≈≈≈≈≈..≈
≈≈.....≈.≈ ♣♣≈..≈≈kh≈≈≈≈≈≈.≈≈
♣♣♣≈.≈≈≈≈≈≈≈≈≈.≈.
♣♣..≈≈§§≈≈..♣≈.
≈≈...≈≈≈≈...≈. ♣♣♣♣♣♣.≈≈≈≈...
.≈≈≈≈.♣


You could see Kirke, a spriggan rider, a lindwurm (summoned, catching breath), a
swamp worm, 6 hogs and a friendly iron troll (summoned, berserk).

Vanquished Creatures
  Rupert (Lair:6)
  A lich (IceCv)
  A very ugly thing (IceCv)
  A stone giant (D:15)
  An eleionoma (Swamp:1)
  Josephine (D:10)
  A shambling mangrove (Swamp:1)
  The ghost of spiderkeys the Fighter, a journeyman BaAK of Lugonu (D:11)
  A boulder beetle (D:8)
  Erolcha (D:10)
  4 catoblepae
  An ice dragon (D:14)
  A merfolk avatar (Lair:6)
  An ogre mage (D:15)
  A caustic shrike simulacrum (IceCv)
  A ghost crab (Swamp:1)
  5 centaur warriors
  6 hydras
  11 two-headed ogres
  2 tengu warriors (D:15)
  5 skeletal warriors (D:14)
  A goliath frog (Swamp:1)
  2 sea snakes (Lair:6)
  3 bog bodies
  An obsidian statue (IceCv)
  An orc knight (D:15)
  5 deep elf pyromancers
  Pikel (D:5)
  4 harpies (Lair:6)
  6 ugly things
  4 cyclopes
  An oklob plant (Lair:3)
  3 manticores
  An orc sorcerer (D:15)
  2 centaur zombies
  Joseph (D:7)
  Maurice (D:8)
  3 black mambas
  An elephant (Lair:6)
  A black mamba (shapeshifter) (D:14)
  2 gargoyles
  A torpor snail (Lair:6)
  An unseen horror (D:11)
  15 cane toads
  An unseen horror (shapeshifter) (D:15)
  2 efreet
  11 komodo dragons
  4 rime drakes
  3 anaconda simulacra (IceCv)
  A golden dragon simulacrum (IceCv)
  2 entropy weaver simulacra (IceCv)
  11 freezing wraiths (IceCv)
  5 trolls
  A wind drake (Lair:6)
  2 polar bears (Lair:6)
  Grinder (D:5)
  5 hornets
  2 dream sheep (D:8)
  A snapping turtle (Lair:6)
  9 blink frogs
  A redback (Lair:3)
  A centaur simulacrum (D:14)
  2 spriggans (Swamp:1)
  A spriggan simulacrum (IceCv)
  2 shadows
  9 wraiths
  44 yaks
  6 wyverns
  Eustachio (D:6)
  2 vampires
  4 dire elephant simulacra (IceCv)
  A human (shapeshifter) (D:15)
  3 steam dragons
  A hog (Swamp:1)
  7 basilisks
  10 vampire mosquitoes
  2 minotaur simulacra (IceCv)
  5 wargs (D:11)
  2 swamp worms (Swamp:1)
  2 harpy simulacra (IceCv)
  2 acid dragons
  14 water moccasins
  4 hydra simulacra (IceCv)
  A swamp drake (Swamp:1)
  2 sky beasts (D:7)
  2 black bears (Lair:2)
  An ettin simulacrum (IceCv)
  2 ice beasts
  5 alligator simulacra (IceCv)
  10 orc warriors
  6 wolves
  5 ogres
  8 centaurs
  4 lemures
  11 kobold brigands
  7 gnoll sergeants
  13 bullfrogs
  A deep troll simulacrum (IceCv)
  3 water moccasin zombies (Ossuary)
  13 killer bees
  3 lindwurm simulacra (IceCv)
  3 electric eels (D:9)
  9 wights
  9 howler monkeys
  2 centaur skeletons
  4 hounds
  7 jellies
  2 gnoll shamans
  10 orc priests
  A bullfrog skeleton (D:7)
  2 iguanas
  15 orc wizards
  2 mummies (Ossuary)
  24 gnolls
  12 adders
  A howler monkey skeleton (D:5)
  2 shadow imps (D:6)
  3 white imps
  An ufetubus (D:6)
  4 adder zombies (Ossuary)
  2 worms
  The ghost of SirDiesAlot the Sneak, a weakling MiDe (D:5)
  3 dart slugs
  56 orcs
  7 ball pythons
  10 bats
  9 endoplasms
  16 giant cockroaches
  4 gnoll zombies (Ossuary)
  9 goblins
  5 hobgoblins
  2 jackals (D:5)
  6 quokkas
  3 frilled lizards
  4 hobgoblin zombies (Ossuary)
  14 kobolds
  3 kobold zombies (Ossuary)
  7 orc zombies (Ossuary)
  4 rats
671 creatures vanquished.

Vanquished Creatures (collateral kills)
  A bog body (IceCv)
  A necromancer (IceCv)
  A cyclops (D:14)
  4 freezing wraiths (IceCv)
  A centaur (D:14)
8 creatures vanquished.

Vanquished Creatures (others)
  A bloated husk (Swamp:1)
  An orc wizard (D:7)
  2 orcs (D:11)
  45 fungi
  92 plants
  2 withered plants (D:5)
143 creatures vanquished.

Grand Total: 822 creatures vanquished

Notes
Turn   | Place    | Note
-------+----------+-------------------------------------------
     0 | D:1      | snetch the Minotaur Berserker began the quest for the Orb.
     0 | D:1      | Reached XP level 1. HP: 19/19 MP: 0/0
   150 | D:1      | Reached XP level 2. HP: 20/27 MP: 1/1
   282 | D:2      | Reached XP level 3. HP: 13/34 MP: 2/2
   293 | D:2      | Found Kewnesov's Weapon Shoppe.
   577 | D:2      | Reached ** piety under Trog
   581 | D:2      | Reached XP level 4. HP: 31/41 MP: 3/3
   664 | D:1      | Found a faded altar of an unknown god.
   677 | D:1      | Found Huz Xiuh's Antique Armour Emporium.
  1256 | D:2      | Found Wabauno's Antique Armour Shop.
  1475 | D:3      | Reached skill level 5 in Axes
  1587 | D:2      | Found Uhiblol's Assorted Antiques.
  1601 | D:2      | Bought a scroll labelled REOSHRA FOQUCZE for 19 gold pieces
  1601 | D:2      | Bought a scroll labelled REDEJ IDIGGOUJ for 19 gold pieces
  1601 | D:2      | Bought an orange potion for 17 gold pieces
  1601 | D:2      | Bought a scroll labelled GEFAM PEUNOISI for 19 gold pieces
  1711 | D:2      | Found Quxavu's Antique Armour Emporium.
  1745 | D:2      | Found Ageas's Antique Armour Boutique.
  1874 | D:3      | Reached *** piety under Trog
  2005 | D:3      | Reached XP level 5. HP: 47/47 MP: 4/4
  2425 | D:3      | Found Bizatyt's Armour Emporium.
  2910 | D:5      | Entered Level 5 of the Dungeon
  2918 | D:5      | Reached skill level 1 in Throwing
  3264 | D:4      | Reached skill level 5 in Fighting
  3367 | D:5      | Noticed SirDiesAlot's ghost (weakling MiDe)
  3367 | D:5      | Found a runed translucent door.
  3371 | D:5      | Reached XP level 6. HP: 51/56 MP: 5/5
  3737 | D:5      | Noticed an ice beast
  3744 | D:5      | Reached skill level 1 in Shields
  3744 | D:5      | Killed an ice beast
  3745 | D:5      | Reached skill level 5 in Armour
  3745 | D:5      | Reached XP level 7. HP: 61/61 MP: 6/6
  4036 | D:5      | Noticed Pikel
  4055 | D:5      | Killed Pikel
  4056 | D:5      | Reached XP level 8. HP: 23/70 MP: 7/7
  4436 | D:5      | Noticed Grinder
  4446 | D:5      | Killed Grinder
  4620 | D:6      | Found a sand-covered staircase.
  4644 | Ossuary  | Entered an ossuary
  4687 | Ossuary  | Reached skill level 1 in Polearms
  4727 | Ossuary  | Reached **** piety under Trog
  5530 | D:5      | Killed SirDiesAlot's ghost
  5683 | D:6      | Found a staircase to the Ecumenical Temple.
  5692 | Temple   | Entered the Ecumenical Temple
  6260 | D:6      | Found Gemoynuc's Book Boutique.
  6317 | D:7      | Reached XP level 9. HP: 71/78 MP: 8/8
  6397 | D:6      | Noticed Eustachio
  6409 | D:6      | Killed Eustachio
  6937 | D:6      | Identified the +12 war axe "Beetlebane" {protect, rElec
                  | MP-9 Stlth+}
  7397 | D:7      | Noticed Joseph
  7400 | D:7      | Reached skill level 5 in Polearms
  7413 | D:7      | Killed Joseph
  7853 | D:7      | Reached skill level 5 in Shields
  8197 | D:8      | Noticed a boulder beetle
  8206 | D:8      | Killed a boulder beetle
  8207 | D:8      | Reached XP level 10. HP: 22/88 MP: 0/9
  8254 | D:8      | Reached ***** piety under Trog
  8257 | D:8      | Reached skill level 10 in Axes
  8333 | D:8      | Noticed Maurice
  8361 | D:8      | Killed Maurice
  8416 | D:8      | Reached skill level 5 in Throwing
  9018 | D:8      | Reached skill level 1 in Stealth
  9106 | D:8      | Noticed a three-headed hydra
  9125 | D:8      | Killed a two-headed hydra
  9591 | D:9      | Noticed a two-headed ogre
  9595 | D:9      | Killed a two-headed ogre
  9656 | D:9      | You fall into a shaft and drop 2 floors!
  9736 | D:11     | Noticed a white ugly thing
  9750 | D:11     | Killed a white ugly thing
  9750 | D:11     | Received a gift from Trog
  9751 | D:11     | Reached XP level 11. HP: 49/95 MP: 1/10
  9867 | D:11     | Noticed a two-headed ogre
  9876 | D:11     | Killed a two-headed ogre
  9925 | D:10     | Entered Level 10 of the Dungeon
 11306 | D:10     | Noticed a two-headed ogre
 11307 | D:10     | Noticed Josephine
 11313 | D:10     | Killed Josephine
 11315 | D:10     | Killed a two-headed ogre
 11418 | D:11     | Found a staircase to the Lair.
 11419 | D:11     | Identified the amulet of the Six Smoking Seers {Faith
                  | Dex+4}
 11521 | D:10     | Noticed Erolcha
 11530 | D:10     | Killed Erolcha
 11531 | D:10     | Reached skill level 10 in Fighting
 11531 | D:10     | Reached skill level 5 in Dodging
 12290 | D:10     | Found an ornate altar of the Wu Jian Council.
 12422 | D:11     | Found a staircase to the Orcish Mines.
 12442 | D:11     | Reached XP level 12. HP: 80/106 MP: 2/11
 12583 | D:11     | Found a runed translucent gate.
 12583 | D:11     | Found a runed translucent gate.
 12586 | D:11     | Noticed spiderkeys's ghost (journeyman BaAK)
 12588 | D:11     | Found a runed translucent gate.
 12589 | D:11     | Identified the +1 plate armour "Hoopne" {rN+}
 12819 | D:11     | Identified the ring of Biwiu {rF- Will+ Int+6 Dex+3}
 12945 | D:11     | Received a gift from Trog
 12953 | D:11     | Killed spiderkeys's ghost
 13135 | D:11     | Upgraded the game from 0.28-a0-984-g3775c662fe to
                  | 0.28-a0-1080-g05a166d0ed
 13175 | D:12     | Noticed a centaur warrior
 13181 | D:12     | Killed a centaur warrior
 13901 | D:12     | Found a sacrificial altar of Ru.
 14278 | D:12     | Reached skill level 1 in Slings
 14285 | D:13     | Noticed a two-headed ogre
 14289 | D:13     | Killed a two-headed ogre
 14611 | D:13     | Reached skill level 15 in Axes
 14691 | D:13     | Noticed a two-headed ogre
 14701 | D:13     | Killed a two-headed ogre
 14702 | D:13     | Reached skill level 10 in Shields
 14740 | D:13     | Noticed a centaur warrior
 14746 | D:13     | Killed a centaur warrior
 15055 | D:13     | Noticed a two-headed ogre
 15063 | D:13     | Killed a two-headed ogre
 15171 | D:13     | Noticed a two-headed ogre
 15177 | D:13     | Killed a two-headed ogre
 15178 | D:13     | Reached skill level 10 in Armour
 15178 | D:13     | Reached XP level 13. HP: 116/116 MP: 3/12
 15443 | D:14     | Found a frozen archway.
 15473 | IceCv    | Entered an ice cave
 16283 | IceCv    | HP: 2/175 [minotaur simulacrum (17)]
 16725 | IceCv    | Found an ancient bone altar of Kikubaaqudgha.
 16785 | IceCv    | HP: 2/118 [golden dragon simulacrum (16)]
 17120 | IceCv    | Noticed a lich
 17149 | IceCv    | Killed a lich
 17545 | IceCv    | Noticed a white very ugly thing
 17561 | IceCv    | Killed a white very ugly thing
 18048 | D:13     | Found a gate to the Vaults.
 18261 | D:13     | Received a gift from Trog
 18759 | D:15     | Entered Level 15 of the Dungeon
 18853 | D:14     | Reached XP level 14. HP: 38/127 MP: 2/13
 19533 | D:14     | Found Guythrut's Weapon Boutique.
 20002 | D:15     | Found a staircase to the Depths.
 20002 | D:15     | Noticed a stone giant
 20010 | D:15     | Killed a stone giant
 21429 | Lair:1   | Entered Level 1 of the Lair of Beasts
 21436 | Lair:1   | Reached skill level 5 in Slings
 23274 | Lair:2   | Identified 2 scrolls of acquirement
 23276 | Lair:2   | Acquired the ring "Put-Me-On" {+Blink Fly MP-9 Int+6}
 23811 | Lair:2   | Upgraded the game from 0.28-a0-1080-g05a166d0ed to
                  | 0.28-a0-1152-g9c71ebef14
 23830 | Lair:3   | Found a basalt altar of Yredelemnul.
 24142 | Lair:3   | Found a staircase to the Swamp.
 24373 | Lair:3   | Found a hole to the Spider Nest.
 25019 | Lair:4   | Reached XP level 15. HP: 138/138 MP: 0/14
 25159 | Lair:4   | Acquired a manual of Armour
 26260 | Lair:6   | Entered Level 6 of the Lair of Beasts
 26396 | Lair:6   | Received a gift from Trog
 26406 | Lair:6   | Noticed Rupert
 26420 | Lair:6   | Killed Rupert
 26523 | Lair:6   | Identified the +0 pair of boots "Guhaufri" {Str+4 Int+4
                  | Dex-4}
 26551 | Lair:6   | Identified the +3 rapier of the Silent Majority {flame,
                  | Contam rElec rN+}
 26620 | Lair:6   | Reached skill level 15 in Shields
 27096 | Lair:6   | Reached skill level 15 in Fighting
 27116 | Lair:6   | Found a staircase to the Slime Pits.
 27635 | Swamp:1  | Entered Level 1 of the Swamp
 27919 | Swamp:1  | Found a runed translucent door.
 28047 | Swamp:1  | Noticed Kirke
 28058 | Swamp:1  | HP: 4/141 [swamp worm (13)]
 28058 | Swamp:1  | Killed from afar by a lindwurm

Illustrated notes

Levels and vault maps discovered:
D:1:      giann_wishing_wells, layout_rooms, serial_shops, shop,
          ebering_ecumenical_altar_abandoned, serial_park_tiny_1
D:2:      minmay_roachtagon, layout_rooms, serial_shops, shop, shop_fountains,
          nicolae_shop_overgrown_old_shop, nicolae_shop_bloodbath_and_beyond,
          nicolae_lakefront_shop, hangedman_decor_clover_reticule,
          minmay_stone_trees_small
D:3:      layout_basic, serial_shops, nicolae_shop_stone, minmay_crystal_room
D:4:      layout_basic
D:5:      layout_loops_ring, gammafunk_ghost_grave, uniq_pikel, uniq_grinder
D:6:      layout_loops_cross, lemuel_temple_firewalk_a, serial_glass,
          glass_columns_a, glass_columns_c, glass_columns_b, glass_columns_b,
          glass_columns_a, glass_columns_a, serial_shops,
          nicolae_shop_statue_plus, nicolae_ossuary_entry_false_entrances,
          chequers_serial_rivers_micro_b, uniq_eustachio
D:7:      layout_loops_corners, uniq_joseph
D:8:      layout_gridville, hangedman_ranch, uniq_maurice
D:9:      layout_basic, minmay_misc_feat_four_crosses, chequers_big_river,
          nicolae_straight_to_the_point
D:10:     layout_roguey, nicolae_wu_jian_glorious_leap, uniq_erolcha,
          uniq_josephine
D:11:     layout_rooms, grunt_lair_entry_orc_guard_hut,
          kennysheep_orc_monster_closet_entryway, biasface_ghost_orc_armoury,
          minmay_misc_feat_doors, nooodl_orcs_dogs
D:12:     layout_stronghold, nicolae_ru_path_of_blood
D:13:     layout_basic, david_vaults_1, hangedman_glass_teeth
D:14:     layout_irregular_city, portal_ice_cave_entry_dragon, serial_shops,
          nicolae_take_the_stairs, nicolae_figureground_pulse
D:15:     grunt_enter_depths_snipers, layout_gridville
Temple:   mainiacjoe_temple_starburst
Lair:1:   layout_gridlike, infiniplex_staircase_pool
Lair:2:   layout_loops_ring, beast_lair_carwin_10
Lair:3:   layout_regular_city, skrybe_swamp_entry_bodies, spider_nest_entry_a,
          lemuel_oklob_altar
Lair:4:   minmay_lair_venomous_thicket, layout_hall_layers, grunt_megastairs_1
Lair:5:   layout_cave_shapes
Lair:6:   gammafunk_lair_ancient_temple, layout_hall_layers,
          nicolae_slime_entry_slimehenge, uniq_rupert
Swamp:1:  gammafunk_mikee_crab_dinner, layout_basic_swamp,
          nicolae_swamp_trees_clearing, uniq_kirke

Skill      XL: |  1  2  3  4  5  6  7  8  9 10 11 12 13 14 15 |
---------------+----------------------------------------------+-----
Axes           | 4 5 6 7 8 9 11 13 15 | 15.5
Fighting       | 4 5 6 7 8 10 11 12 14 15 | 15.6
Armour         | 3 4 5 6 8 10 11 12 14 | 14.4
Throwing       | 1 2 3 4 6 7 8 |  8.5
Shields        | 1 2 3 5 6 8 10 13 14 15 | 15.0
Dodging        | 3 4 5 6 |  6.5
Polearms       | 3 5 |  5.7
Stealth        | 1 3 4 |  4.9
Slings         | 1 6 7 |  7.5

Action                   |  1- 3 |  4- 6 |  7- 9 | 10-12 | 13-15 || total
-------------------------+-------+-------+-------+-------+-------++-------
Melee: Hand axe          |    50 |   170 |    97 |     3 |   173 ||   493
       Headbutt          |    13 |    29 |    44 |    96 |   200 ||   382
       Trident           |       |       |   130 |       |       ||   130
       War axe           |       |       |    60 |   400 |   624 ||  1084
       Unarmed           |       |       |       |       |     2 ||     2
 Fire: Hunting sling     |       |       |       |     3 |   195 ||   198
Throw: Stone             |       |    59 |    26 |    16 |       ||   101
       Dart              |       |     6 |    14 |    41 |    83 ||   144
       Boomerang         |       |       |    12 |    22 |     9 ||    43
Invok: Berserk           |     1 |     1 |     2 |     4 |     8 ||    16
       Trog's Hand       |       |     1 |     6 |     4 |     9 ||    20
       Brothers in Arms  |       |       |       |       |     5 ||     5
  Use: Potion            |       |       |     1 |       |     3 ||     4
       Scroll            |       |       |    12 |     7 |    17 ||    36
 Stab: Sleeping          |       |       |       |     4 |       ||     4
       Confused          |       |       |       |     3 |       ||     3
       Distracted        |       |       |       |       |     1 ||     1
       Petrified         |       |       |       |       |     6 ||     6
       Petrifying        |       |       |       |       |     2 ||     2
Armor: Animal skin       |     7 |     1 |       |       |       ||     8
       Chain mail        |       |    72 |    86 |    15 |       ||   173
       Leather armour    |       |       |       |    78 |       ||    78
       Plate armour      |       |       |       |    35 |   275 ||   310
       Scale mail        |       |       |       |       |    20 ||    20
Dodge: Dodged            |    41 |    72 |    63 |   137 |   184 ||   497
Block: Other             |       |    21 |       |       |     3 ||    24
       Buckler           |       |     7 |    40 |       |       ||    47
       Kite shield       |       |       |   116 |   330 |   644 ||  1090
       Reflection        |       |       |     6 |    20 |    31 ||    57

Table legend: (Time is in decaauts)
 A = Elapsed time spent in this place.
 B = Non-inter-level travel time spent in this place.
 C = Inter-level travel time spent in this place.
 D = Time resting spent in this place.
 E = Time spent auto-exploring this place.
 F = Levels seen in this place.
 G = Mean time per level.
                   A        B        C        D        E       F      G
               +--------+--------+--------+--------+--------+-----+--------+
         Total |  28053 |  26506 |   1547 |    707 |  18574 |  25 | 1122.1 |
       Dungeon |  18315 |  17160 |   1155 |    468 |  11788 |  15 | 1221.0 |
        Temple |    537 |    500 |     37 |      0 |    493 |   1 |  537.0 |
          Lair |   6316 |   5962 |    354 |    235 |   4017 |   6 | 1052.7 |
         Swamp |    172 |    172 |      0 |      0 |     70 |   1 |  172.0 |
       Ossuary |    315 |    315 |      0 |      0 |    185 |   1 |  315.0 |
      Ice Cave |   2396 |   2396 |      0 |      4 |   2020 |   1 | 2396.0 |
               +--------+--------+--------+--------+--------+-----+--------+

Top non-repeatable levels by time:
   IceCv: 2396 daAuts
     D:4: 1663 daAuts
  Lair:3: 1538 daAuts
    D:15: 1485 daAuts
    D:14: 1461 daAuts
    D:13: 1425 daAuts
    D:12: 1417 daAuts
     D:6: 1379 daAuts
     D:7: 1298 daAuts
     D:9: 1284 daAuts
  Lair:6: 1263 daAuts
    D:11: 1217 daAuts
    D:10: 1146 daAuts
  Lair:2: 1126 daAuts
     D:8: 1075 daAuts
